 Dungeon Crawl Stone Soup version 0.30-a0-241-g1121274140 (webtiles) character file.

Game seed: 7227476283499963844

35 KennySheep the Ruffian (level 3, 0/27 HPs)
             Began as a Demigod Transmuter on Oct 10, 2022.
             Slain by an orc
             ... wielding a +1 vorpal war axe
              (2 damage)
             ... on level 1 of the Dungeon.
             The game lasted 00:02:53 (866 turns).

KennySheep the Ruffian (Demigod Transmuter)          Turns: 866, Time: 00:02:54

Health: 0/27       AC:  2    Str: 13 (15) XL:     3   Next: 2%
Magic:  7/8        EV: 12    Int: 13 (15) God:
Gold:   52         SH:  0    Dex: 12 (14) Spells: 2/5 levels left

rFire   . . .      SeeInvis .      - Unarmed
rCold   . . .      Faith    .    (no shield)
rNeg    . . .      Spirit   .    a - +0 robe
rPois   .          Reflect  .    (helmet currently unavailable)
rElec   .          Harm     .    d - scarf {+Inv}
rCorr   .          Rampage  .    (no gloves)
Will    .....                    (boots currently unavailable)
Stlth   +.........               (no amulet)
HPRegen 0.24/turn                (no ring)
MPRegen 0.11/turn                (no ring)

@: appendages
A: horns 2, talons 2, high MP 1, forlorn, divine attributes
a: End Transformation, Evoke Invisibility


You were on level 1 of the Dungeon.
You had temporarily grown beastly horns and talons.
You visited 1 branch of the dungeon, and saw 2 of its levels.

You collected 52 gold pieces.

Inventory:

Armour
 a - a +0 robe (worn)
 d - a scarf of invisibility (worn)
Scrolls
 e - a scroll of torment
 g - a scroll of identify
 h - a scroll of teleportation {unknown}
Potions
 b - 2 potions of lignification
 c - a potion of haste
 f - 2 potions of curing
 i - a potion of resistance {unknown}
 j - a potion of degeneration


   Skills:
 - Level 0.8 Fighting
 - Level 1.7 Dodging
 - Level 2.6 Unarmed Combat
 - Level 1.7 Spellcasting
 + Level 2.6 Transmutations
 + Level 1.7 Poison Magic


You had 2 spell levels left.
You knew the following spells:

 Your Spells              Type           Power      Damage    Failure   Level
a - Beastly Appendage     Tmut           16%        N/A       9%          1
b - Wereblood             Tmut           8%         N/A       13%         2

Your spell library contained the following spells:

 Spells                   Type           Power      Damage    Failure   Level
 Spider Form              Tmut/Pois      6%         N/A       32%         3
 Ice Form                 Ice/Tmut       4%         N/A       83%         4


Dungeon Overview and Level Annotations

Branches:
Dungeon (2/15)


Innate Abilities, Weirdness & Mutations

You have temporarily grown beastly horns and talons.
You have an increased reservoir of magic. (+10% MP)
You shall have no god before yourself.
Your divine heritage dramatically boosts your attributes as you level up.


Message History

Your experience leads to a dramatic increase in your attributes!
Increase (S)trength, (I)ntelligence, or (D)exterity?
You feel stronger. x4
You have temporarily grown beastly horns and talons.
Your movement speed is average.
Your attack delay is about 0.9.
Your damage rating with unarmed combat is about 6 (Base [3 + 2 (UC)] x 112% (Str) x 106% (Skill)).
Unknown command.
Okay, then.
Your transformation is almost over.
HP restored.
Your horns disappear.
Your talons disappear.
Magic restored.
j - 2 fuming emerald potions
Found 5 stones.
It was a potion of degeneration.
There was something very wrong with that liquid.
You feel weakened.
You feel dopey.
You feel clumsy.
A ball python, an orc priest and 2 orcs come into view.
An orc is wielding a +1 vampiric hand axe.
An orc is wielding a +1 vorpal war axe.
The ball python hisses angrily.
The orc shouts!
You hear a shout! x2
An orc comes into view. It is wielding a +0 hand axe.
An orc comes into view. It is wielding a +0 flail.
The orc priest shouts!
The orc shouts!
There are monsters nearby!
There is a stone staircase leading up here.
There is a stone staircase leading up here.
The orc barely misses you.
You climb upwards.
There is a stone staircase leading down here.
You hit the orc but do no damage.
The orc hits you with a +1 vorpal war axe.
You closely miss the orc.
The orc hits you with a +1 vorpal war axe!
* * * LOW HITPOINT WARNING * * *
Casting: Beastly Appendage (safe; 9% risk of failure)
Confirm with . or Enter, or press ? or * to list all spells.
You grow a pair of large bovine horns.
Your feet morph into talons.
The orc hits you with a +1 vorpal war axe.
* * * LOW HITPOINT WARNING * * *
You die...

.#...).......##.................#
.#...#.......#..#..............##
.....#####...#.###......#.....##
#....# #...#.########.#######
#.#### #........# #.# #.#
#........# #.# #.# #........# #.#
#.## ###.#.###### #.# #..##
#.#.o@)..###.# ....#
#####.######..##.### #.#.#
#.........###..#..)#
#...####.........# ##.....#
##....##.........# ###...#
.................# #...#
#####.##...[.....# #...#
####...).....# #...# #.........#
#...#


You could see an orc.

Vanquished Creatures
  A gnoll (D:1)
  A worm (D:2)
  5 bats (D:1)
  2 endoplasms (D:1)
  2 giant cockroaches (D:1)
  3 goblins (D:1)
  A hobgoblin (D:1)
  4 ball pythons (D:1)
  2 frilled lizards (D:1)
  2 rats (D:1)
23 creatures vanquished.

Notes
Turn   | Place    | Note
-------+----------+-------------------------------------------
     0 | D:1      | KennySheep the Demigod Transmuter began the quest for the
                  | Orb.
     0 | D:1      | Reached XP level 1. HP: 15/15 MP: 5/5
   176 | D:1      | Reached skill level 1 in Poison Magic
   259 | D:1      | Reached XP level 2. HP: 9/22 MP: 5/7
   269 | D:1      | Learned a level 2 spell: Wereblood
   816 | D:2      | Reached XP level 3. HP: 24/27 MP: 6/8
   866 | D:1      | Slain by an orc

Illustrated notes

Levels and vault maps discovered:
D:1:      eino_arrival_cavern_e, layout_rooms, minmay_misc_feat_tower
D:2:      minmay_recursive_quarters, layout_loops_ring, uniq_terence

Skill      XL: |  1 |
---------------+----+-----
Transmutations | 2 |  2.6
Poison Magic   | 1 |  1.7
Fighting       | |  0.8
Dodging        | |  1.7
Unarmed Combat | |  2.6
Spellcasting   | |  1.7

Action                   || total
-------------------------++-------
Melee: Unarmed           ||    78
       Kick              ||     5
       Headbutt          ||     3
 Cast: Beastly Appendage ||     5
  Use: Potion            ||     3
       Scroll            ||     1
 Stab: Sleeping          ||     2
Armor: Robe              ||    21
Dodge: Dodged            ||    39

Table legend: (Time is in decaauts)
 A = Elapsed time spent in this place.
 B = Non-inter-level travel time spent in this place.
 C = Inter-level travel time spent in this place.
 D = Time resting spent in this place.
 E = Time spent auto-exploring this place.
 F = Levels seen in this place.
 G = Mean time per level.
                   A        B        C        D        E       F      G
               +--------+--------+--------+--------+--------+-----+--------+
         Total |    843 |    834 |      9 |     67 |    537 |   2 |  421.5 |
       Dungeon |    843 |    834 |      9 |     67 |    537 |   2 |  421.5 |
               +--------+--------+--------+--------+--------+-----+--------+

Top non-repeatable levels by time:
     D:1: 777 daAuts
     D:2: 65 daAuts
